 Dungeon Crawl Stone Soup version 0.23-a0-128-g2d122ddfbf (webtiles) character file.

662 GordonOverkill the Magician (level 7, -2/36 HPs)
             Began as a Deep Elf Ice Elementalist on Aug 27, 2018.
             Was a Follower of Kikubaaqudgha.
             Slain by a gnoll
             ... wielding a +0 spear
              (5 damage)
             ... on level 4 of the Dungeon.
             The game lasted 00:17:01 (6357 turns).

GordonOverkill the Magician (DEIE)                  Turns: 6357, Time: 00:17:02

Health: -2/36      AC:  5    Str:  5    XL:     7   Next: 30%
Magic:  16/17      EV: 15    Int: 22    God:    Kikubaaqudgha [*.....]
Gold:   153        SH:  0    Dex: 15    Spells: 6/17 levels left

rFire    + . .     SeeInvis .   o - +0 dagger
rCold    . . .     Gourm    +   (no shield)
rNeg     . . .     Faith    .   f - +0 robe
rPois    .         Spirit   .   (no helmet)
rElec    .         Reflect  .   (no cloak)
rCorr    .         Harm     .   l - +2 pair of gloves
MR       +....                  (no boots)
Stlth    ++........             k - amulet of the gourmand
HPRegen  0.12/turn              r - ring of protection from fire
MPRegen  0.15/turn              s - ring of protection from magic

@: no status effects
A: no striking features
a: Receive Corpses, Renounce Religion


You were on level 4 of the Dungeon.
You worshipped Kikubaaqudgha.
Kikubaaqudgha was aware of your devotion.
You were completely stuffed.

You visited 1 branch of the dungeon, and saw 5 of its levels.

You collected 153 gold pieces.

Inventory:

Hand Weapons
 o - a +0 dagger (weapon)
Armour
 f - a +0 robe (worn)
 l - a +2 pair of gloves (worn)
Jewellery
 k - an amulet of the gourmand (around neck)
 r - a ring of protection from fire (left hand)
 s - a ring of protection from magic (right hand)
 w - an uncursed ring of fire
Wands
 b - a wand of iceblast (11)
 t - a wand of flame (25)
 v - a wand of random effects (23)
Scrolls
 e - 2 scrolls of immolation
 i - a scroll of amnesia
 m - 7 scrolls of teleportation
Potions
 h - 2 potions of agility
 n - a potion of brilliance
 p - 2 potions of lignification
 q - a potion of curing
 u - a potion of mutation {unknown}
Comestibles
 c - 8 rations


   Skills:
 - Level 5.0 Dodging
 - Level 3.0 Stealth
 + Level 5.7 Spellcasting
 - Level 5.0 Conjurations
 + Level 0.9 Summonings
 - Level 5.0 Ice Magic


You had 6 spell levels left.
You knew the following spells:

 Your Spells              Type           Power        Failure   Level  Hunger
a - Freeze                Ice            ####         1%          1    None
b - Throw Frost           Conj/Ice       ####..       1%          2    None
c - Throw Icicle          Conj/Ice       ####....     12%         4    ####...
d - Summon Ice Beast      Ice/Summ       ###.....     28%         4    ####...

Your spell library contained the following spells:

 Spells                   Type           Power        Failure   Level  Hunger
 Animate Skeleton         Necr           N/A          10%         1    None
 Pain                     Necr           #...         10%         1    None
 Ozocubu's Armour         Chrm/Ice       ###.....     10%         3    ##.....
 Sublimation of Blood     Necr           #.........   14%         2    None
 Regeneration             Chrm/Necr      #.........   28%         3    ##.....


Dungeon Overview and Level Annotations

Branches:
Dungeon (5/15)             Temple (0/1) D:4

Altars:
Fedhas
Kikubaaqudgha
Uskayaw
Xom


Message History

Kikubaaqudgha accepts your kill.
Training target 5.0 for Dodging reached!
Your Dodging skill increases to level 5!
The gnoll throws a throwing net.
The throwing net hits you.
You become entangled in the net!
You see here a throwing net.
You struggle against the net.
You struggle against the net.
The gnoll hits you!
You struggle against the net.
The gnoll completely misses you. The gnoll hits you.
You struggle against the net.
The gnoll closely misses you. The gnoll hits you.
You struggle against the net.
The gnoll hits you from afar with a spear.
* * * LOW HITPOINT WARNING * * *
The gnoll hits you!
* * * LOW HITPOINT WARNING * * *
You rip the net and break free!
The gnoll hits you from afar with a spear.
You die...
Kikubaaqudgha rasps: "You have failed me!
Welcome... death!"

#.########## #.#
...........# #.#
#.########.# #.# #.#
##.## #.# #.# #...#
#.# #g# #...# #>#
.g# ####...#### #.#
..# ##.........###.#
#.###.........gg@..#
.......).......#####
#.#######...####
..#######...#
............#
#############


You could see 2 gnolls.

Vanquished Creatures
  A hippogriff (D:4)
  An ogre (D:4)
  A crimson imp (D:3)
  An orc priest (D:4)
  A gnoll shaman (D:4)
  Ijyb (D:4)
  A worker ant (D:4)
  A gnoll (D:5)
  10 adders
  3 oozes
  3 worms
  3 dart slugs
  A leopard gecko (D:3)
  11 orcs
  9 bats
  5 giant cockroaches
  5 goblins
  6 hobgoblins
  17 jackals
  6 kobolds
  4 quokkas
  A ball python (D:4)
  10 frilled lizards
  A quokka zombie (D:3)
  11 rats
  2 butterflies (D:4)
116 creatures vanquished.

Vanquished Creatures (collateral kills)
  A bullfrog zombie (D:5)
1 creature vanquished.

Grand Total: 117 creatures vanquished

Notes
Turn   | Place    | Note
-------+----------+-------------------------------------------
     0 | D:1      | GordonOverkill the Deep Elf Ice Elementalist began the
                  | quest for the Orb.
     0 | D:1      | Reached XP level 1. HP: 10/10 MP: 6/6
   182 | D:1      | Reached XP level 2. HP: 15/15 MP: 1/8
   611 | D:1      | Learned a level 2 spell: Throw Frost
  1041 | D:2      | Reached XP level 3. HP: 8/19 MP: 3/10
  1762 | D:2      | Reached XP level 4. HP: 24/24 MP: 11/11
  2340 | D:2      | Found a hide-covered altar of Uskayaw.
  2368 | D:2      | Found an ancient bone altar of Kikubaaqudgha.
  2380 | D:2      | Became a worshipper of Kikubaaqudgha
  3240 | D:3      | Found a shimmering altar of Xom.
  3355 | D:3      | Reached XP level 5. HP: 27/28 MP: 9/13
  3449 | D:3      | Found a blossoming altar of Fedhas.
  4021 | D:4      | Noticed an ogre
  4258 | D:3      | Learned a level 4 spell: Throw Icicle
  4263 | D:3      | Learned a level 4 spell: Summon Ice Beast
  4758 | D:4      | Killed an ogre
  4758 | D:4      | Reached XP level 6. HP: 32/32 MP: 4/15
  4839 | D:4      | Found a staircase to the Ecumenical Temple.
  5002 | D:4      | Reached * piety under Kikubaaqudgha
  5002 | D:4      | Identified Kikubaaqudgha's Volume of Evil Arts
                  | (Kikubaaqudgha gifted it to you on level 4 of the Dungeon)
  5002 | D:4      | Received a gift from Kikubaaqudgha
  5242 | D:4      | Reached skill level 5 in Spellcasting
  5438 | D:4      | Noticed a hippogriff
  5862 | D:4      | Killed a hippogriff
  5862 | D:4      | Reached XP level 7. HP: 36/36 MP: 15/17
  5887 | D:4      | Noticed Ijyb
  5893 | D:4      | Killed Ijyb
  5893 | D:4      | Reached skill level 5 in Conjurations
  5893 | D:4      | Reached skill level 5 in Ice Magic
  5932 | D:5      | Entered Level 5 of the Dungeon
  6343 | D:4      | Reached skill level 5 in Dodging
  6357 | D:4      | Slain by a gnoll

Vault maps used:
D:1:      roderic_chinese_lattice_arrival, hangedman_decor_lopped
D:2:      kiku_gazebo_garden_becter, lemuel_doored_altar
D:3:      lemuel_crystal_altar, first_ration, fedhas_altar_4
D:4:      minmay_temple_entry_butterflies, uniq_ijyb
D:5:      elyvilon_altar_1

Skill      XL: |  1  2  3  4  5  6  7 |
---------------+----------------------+-----
Stealth        | 3 |  3.0
Dodging        | 3 4 5 |  5.0
Conjurations   | 2 3 4 5 |  5.0
Spellcasting   | 4 5 |  5.7
Ice Magic      | 4 5 |  5.0
Summonings     | |  0.9

Action                   |  1- 3 |  4- 6 |  7- 9 || total
-------------------------+-------+-------+-------++-------
Melee: Mace              |     3 |       |       ||     3
       Dagger            |     8 |    35 |    21 ||    64
 Cast: Freeze            |    55 |   100 |    12 ||   167
       Throw Frost       |     1 |    32 |     5 ||    38
       Summon Ice Beast  |       |       |     1 ||     1
Evoke: Wand              |       |     4 |       ||     4
  Use: Potion            |     3 |       |       ||     3
       Scroll            |       |       |    10 ||    10
 Stab: Sleeping          |     1 |     6 |     3 ||    10
       Paralysed         |       |     5 |       ||     5
  Eat: Chunk             |    15 |    12 |     2 ||    29
Armor: Leather armour    |    16 |    11 |       ||    27
       Robe              |       |     6 |     4 ||    10
Dodge: Dodged            |    33 |    69 |    30 ||   132

Table legend:
 A = Non-vault XP
 B = Vault XP
 C = Vault XP percentage of total XP
 D = Non-vault monster count
 E = Vault monster count
 F = Vault count percentage of total count
                 A         B        C        D         E       F
            +---------+---------+-------+---------+---------+-------
      Total |     911 |      35 |   3.7 |     114 |       1 |   0.9
            +---------+---------+-------+---------+---------+-------
        D:1 |      36 |       0 |   0.0 |      22 |       0 |   0.0
        D:2 |     105 |       0 |   0.0 |      35 |       0 |   0.0
        D:3 |     140 |       0 |   0.0 |      25 |       0 |   0.0
        D:4 |     576 |      35 |   5.7 |      28 |       1 |   3.4
        D:5 |      54 |       0 |   0.0 |       4 |       0 |   0.0
            +---------+---------+-------+---------+---------+-------
